 Dungeon Crawl Stone Soup version 0.29-a0-845-g6161e89988 (webtiles) character file.

Game seed: 7592876675322902779

122714 Monkooky the Prestidigitator (level 15, -1/105 (120) HPs)
             Began as a Gnoll Artificer on July 15, 2022.
             Was a High Priest of Ru.
             Slain by an alligator snapping turtle (20 damage)
             ... on level 2 of the Shoals.
             The game lasted 01:32:25 (38712 turns).

Monkooky the Prestidigitator (Gnoll Artificer)     Turns: 38712, Time: 01:32:26

HP:   -1/105 (120)  AC: 41    Str: 16    XL:     15   Next: 88%
MP:   0/30          EV:  5    Int: 10    God:    Ru [*****.]
Gold: 1460          SH:  0    Dex: 14    Spells: 37/37 levels left

rFire   . . .      SeeInvis +   Z - +9 broad axe (elec)
rCold   . . .      Faith    .   (shield unavailable)
rNeg    . . .      Spirit   +   j - +12 crystal plate armour of Reuqounn {*Corrode rPois Stlth+}
rPois   +          Reflect  .   V - +2 helmet {SInv}
rElec   .          Harm     .   y - +0 cloak
rCorr   +          Rampage  .   (no gloves)
Will    +....                   R - +1 pair of boots
Stlth   ..........              q - amulet of guardian spirit
HPRegen 0.27/turn               (ring unavailable)
MPRegen 0.22/turn               X - ring of resist corrosion

@: exhausted, heavily drained, very slow
A: fangs 1, dopey 1, missing a hand, no stealth, no fire magic, no hexes magic,
no summoning magic, inexperienced 1, strong nose, distributed training
a: Renounce Religion, Draw Out Power, Power Leap, Apocalypse


You were on level 2 of the Shoals.
You worshipped Ru.
Ru was extremely pleased with you.
You visited 5 branches of the dungeon, and saw 26 of its levels.
You visited the Abyss 1 time.

You collected 2707 gold pieces.
You spent 1247 gold pieces at shops.

Inventory:

Hand Weapons
 Z - a +9 broad axe of electrocution (weapon)
Missiles
 k - 2 curare-tipped darts
 t - 5 throwing nets
 z - 9 boomerangs
 A - 10 javelins
 O - 12 silver boomerangs
Armour
 j - the +12 crystal plate armour of Reuqounn (worn) {*Corrode rPois Stlth+}
   (You acquired it on level 3 of the Dungeon)

   rPois:     It protects you from poison.
   *Corrode:  It may corrode you when you take damage.
   Stlth:     It makes you more stealthy.
 y - a +0 cloak (worn)
 R - a +1 pair of boots (worn)
 V - a +2 helmet of see invisible (worn)
Magical Staves
 p - a staff of air
Jewellery
 q - an amulet of guardian spirit (around neck)
 E - a +4 ring of slaying
 W - a +6 ring of strength
 X - a ring of resist corrosion (right hand)
Wands
 c - a wand of flame (18)
 d - a wand of charming (13)
 e - a wand of iceblast (1)
 B - a wand of digging (3)
 G - a wand of paralysis (27)
 I - a wand of acid (21)
 U - a wand of roots (8)
Scrolls
 a - 5 scrolls of vulnerability
 g - 2 scrolls of amnesia
 h - 5 scrolls of immolation
 r - 11 scrolls of teleportation
 s - 3 scrolls of fog
 w - a scroll of silence
 H - 5 scrolls of magic mapping
 J - a scroll of summoning
 N - 5 scrolls of blinking
 Y - 5 scrolls of poison
Potions
 b - 2 potions of invisibility
 f - 3 potions of brilliance
 i - 3 potions of cancellation
 l - 4 potions of magic {unknown}
 m - 4 potions of haste
 n - 3 potions of flight
 o - 2 potions of ambrosia
 v - 6 potions of attraction {unknown}
 x - 15 potions of curing
 C - a potion of berserk rage
 D - 4 potions of lignification
 K - 6 potions of mutation
 M - a potion of heal wounds
 S - a potion of resistance {unknown}
Miscellaneous
 L - a tin of tremorstones (2/2)
 P - a box of beasts
 Q - a condenser vane
 T - a phantom mirror


   Skills:
 + Level 11.9 Fighting
 + Level 11.6 Short Blades
 + Level 11.6 Long Blades
 + Level 11.6 Axes
 + Level 11.6 Maces & Flails
 + Level 11.6 Polearms
 + Level 11.6 Staves
 + Level 11.6 Ranged Weapons
 + Level 11.6 Throwing
 + Level 12.4 Armour
 + Level 11.9 Dodging
   Level 0.0 Stealth
   Level 0.0 Shields
 + Level 11.6 Unarmed Combat
 + Level 11.6 Spellcasting
 + Level 9.8 Conjurations
   Level 0.0 Hexes
   Level 0.0 Summonings
 + Level 9.8 Necromancy
 + Level 9.8 Translocations
 + Level 9.8 Transmutations
   Level 0.0 Fire Magic
 + Level 9.8 Ice Magic
 + Level 9.8 Air Magic
 + Level 9.8 Earth Magic
 + Level 9.8 Poison Magic
 + Level 12.6 Invocations
 + Level 13.2 Evocations


You had 37 spell levels left.
You didn't know any spells.
Your spell library contained the following spells:

 Spells                   Type           Power      Damage    Failure   Level
 Beastly Appendage        Tmut           50%        N/A       36%         1
 Magic Dart               Conj           100%       1d8       36%         1
 Sandblast                Erth           50%        2d12      36%         1
 Passwall                 Tmut/Erth      20%        N/A       50%         2
 Static Discharge         Conj/Air       25%        3-7/arc   50%         2
 Wereblood                Tmut           25%        N/A       50%         2
 Frozen Ramparts          Ice            50%        1d7       75%         3
 Mephitic Cloud           Conj/Pois/Air  25%        N/A       75%         3
 Spider Form              Tmut/Pois      25%        N/A       75%         3
 Stone Arrow              Conj/Erth      50%        3d10      75%         3
 Swiftness                Air            25%        N/A       75%         3
 Dispel Undead            Necr           25%        3d12      98%         4
 Ice Form                 Ice/Tmut       25%        N/A       98%         4
 Passage of Golubria      Tloc           25%        N/A       98%         4
 Ensorcelled Hibernation  Hex/Ice        Unusable   N/A       N/A         2
 Call Imp                 Summ           Unusable   N/A       N/A         2
 Tukima's Dance           Hex            Unusable   N/A       N/A         3
 Anguish                  Hex/Necr       Unusable   N/A       N/A         4
 Sticky Flame             Conj/Fire      Unusable   2d4       N/A         4
 Summon Ice Beast         Ice/Summ       Unusable   N/A       N/A         4
 Yara's Violent Unravell  Hex/Tmut       Unusable   3d5       N/A         5

Dungeon Overview and Level Annotations

Branches:
Dungeon (15/15)            Temple (1/1) D:4            Lair (6/6) D:8
 Shoals (2/4) Lair:2        Snake (0/4) Lair:2        Slime (0/5) Lair:5
    Orc (2/2) D:11            Elf (0/3) Orc:2        Vaults (0/5) D:14
 Depths (0/4) D:15

Altars:
Ashenzari
Cheibriados
Dithmenos
Elyvilon
Fedhas
Gozag
Hepliaklqana
Kikubaaqudgha
Makhleb
Nemelex Xobeh
Okawaru
Qazlal
Ru
Sif Muna
Trog
Uskayaw
Vehumet
Wu Jian
Xom
Yredelemnul
Zin
The Shining One

Shops:
D:9 *   D:12 =   Orc:2 *?*(!   Shoals:1 ?

Portals:
Trove: D:14 (give +5 fire dragon scales)

Annotations:
Orc:2 2 transporters, scionoferis's ghost, journeyman NaIE


Innate Abilities, Weirdness & Mutations

You have very sharp teeth.
You are dopey. (Int -2)
You are missing a hand.
You cannot be stealthy.
You cannot study or cast Fire magic.
You cannot study or cast Hexes magic.
You cannot study or cast Summoning magic.
You are somewhat inexperienced. (-1 XL)
Your uncanny sense of smell can sniff out nearby items.
Your experience applies equally to all skills.


Message History

Press: ? - help, Q - select action, (/) - cycle Shift-Dir - straight line, f/p - alligator snapping turtle
Aim: an alligator snapping turtle (steam, lightly wounded, 94% to hit)
You throw a boomerang.
The boomerang hits the alligator snapping turtle but does no damage.
The alligator snapping turtle is lightly wounded.
Aiming: Throw Flame
Press: ? - help, Shift-Dir - straight line, f/p - alligator snapping turtle
Aim: an alligator snapping turtle (steam, lightly wounded, 100% to hit)
The puff of flame hits the alligator snapping turtle but does no damage.
The alligator snapping turtle is lightly wounded.
The alligator snapping turtle is engulfed in a cloud of scalding steam.
The alligator snapping turtle bites you from afar!
Okay, then.
Aiming: Mindburst
Press: ? - help, Shift-Dir - straight line, f/p - alligator snapping turtle
Aim: an alligator snapping turtle (steam, moderately wounded, chance to affect: 71%)
The alligator snapping turtle's mind is blasted!!
Aiming: Mindburst
Press: ? - help, Shift-Dir - straight line, f/p - alligator snapping turtle
Aim: an alligator snapping turtle (steam, moderately wounded, chance to affect: 71%)
The alligator snapping turtle struggles to resist.
The now-empty wand crumbles to dust.
The alligator snapping turtle bites you but does no damage.
Okay, then.
Okay, then.
As you read the scroll of fear, it crumbles to dust.
You assume a fearsome visage.
The alligator snapping turtle resists with some effort.
The alligator snapping turtle bites you from afar!!
* * * LOW HITPOINT WARNING * * *
Okay, then.
Read: scroll of fear
Press: ? - help, Q - select action, (/) - cycle Dir - look around, f - activate Look: an alligator snapping turtle (steam, moderately wounded, chance to affect: 79%)
As you read the scroll of fear, it crumbles to dust.
You assume a fearsome visage.
The alligator snapping turtle resists with some effort.
The alligator snapping turtle is engulfed in a cloud of scalding steam.
The alligator snapping turtle bites you from afar!!
You die...

#).......≈≈≈≈≈≈≈
+#....≈≈≈≈≈≈≈≈≈≈≈
#.≈≈≈≈≈≈≈≈≈≈≈≈≈≈
#)≈≈≈≈≈≈≈≈≈≈≈≈≈≈
#≈≈≈§≈≈≈≈≈≈≈≈≈≈≈
+#≈≈≈≈≈≈≈≈≈≈≈≈≈≈≈
#)≈≈≈≈≈≈≈≈≈≈≈≈≈≈≈
##≈t≈≈≈≈≈≈≈≈≈≈≈≈≈≈
#@≈≈≈≈≈≈≈≈≈≈≈..≈≈≈
#≈≈≈≈≈≈≈≈≈≈≈≈≈≈≈≈≈≈.
#≈≈≈≈≈≈≈≈≈≈≈≈≈≈≈≈≈.)#
≈≈≈≈≈≈≈≈≈≈≈≈≈≈≈≈≈≈≈≈..
≈≈≈≈≈≈≈≈≈≈≈≈≈≈≈≈≈≈≈≈≈≈≈†
≈≈≈≈≈≈≈≈≈≈≈≈≈≈≈≈≈≈≈≈≈≈≈≈
≈≈≈≈≈≈≈≈≈≈≈≈≈≈≈≈≈≈≈≈≈≈≈≈
≈≈≈≈≈≈≈≈≈≈≈≈≈≈≈≈≈≈≈≈≈≈≈≈
≈≈≈≈≈≈≈≈≈≈


You could see an alligator snapping turtle.

Vanquished Creatures
  Nikola (Shoals:2)
  Azrael (D:15)
  A merfolk javelineer (Shoals:2)
  5 merfolk impalers
  6 hydras
  Erolcha (Orc:2)
  2 rakshasas (D:15)
  A great orb of eyes (D:15)
  2 boulder beetles
  A catoblepas (Lair:5)
  5 centaur warriors
  A satyr (Shoals:2)
  2 ogre magi (Orc:2)
  10 two-headed ogres
  A death yak (Lair:6)
  2 merfolk aquamancers
  A tengu warrior (D:15)
  A deep elf knight (D:14)
  A sun demon (D:13)
  A soul eater (D:9)
  2 deep trolls (Orc:2)
  4 skeletal warriors
  2 sea snakes (Shoals:2)
  A lindwurm (Lair:5)
  A wizard (D:14)
  2 orc knights
  An obsidian statue (D:14)
  9 ugly things
  4 harpies (Shoals:2)
  3 deep elf pyromancers (D:14)
  7 manticores
  14 fauns
  6 cyclopes
  A moth of wrath (shapeshifter) (D:15)
  A merfolk siren (Lair:2)
  2 rust devils (D:7)
  16 elephants
  2 torpor snails
  3 black mambas
  2 water nymphs
  6 cane toads
  3 centaur skeletons (D:14)
  2 gargoyles
  An efreet (D:14)
  Maggie (D:6)
  4 rime drakes
  2 kobold demonologists (D:12)
  An ice devil (D:13)
  A freezing wraith (D:14)
  3 yaktaurs (D:14)
  A tengu conjurer (D:15)
  A red devil (D:8)
  12 komodo dragons
  2 hellwings
  11 trolls
  9 meliai
  4 wind drakes
  4 hornets (Lair:6)
  Prince Ribbit (D:5)
  8 merfolk
  22 blink frogs
  5 polar bears (Lair:6)
  3 snapping turtles
  29 slime creatures
  11 dream sheep
  A vampire (D:13)
  Sigmund (D:3)
  2 shadows (D:10)
  2 ynoxinuls
  12 spriggans
  10 water elementals
  4 fire elementals (D:15)
  43 yaks
  A wraith (D:11)
  8 wyverns
  2 basilisks
  Eustachio (D:5)
  3 steam dragons
  10 vampire mosquitoes
  A neqoxec (D:9)
  5 wargs
  4 nagas (Lair:2)
  10 water moccasins
  3 hell hounds (D:15)
  A sky beast (shapeshifter) (D:12)
  2 ice beasts
  5 black bears
  23 orc warriors
  19 ogres
  21 wolves
  5 boggarts
  10 centaurs
  4 kobold brigands
  13 bullfrogs
  2 necrophages
  A gnoll sergeant (D:9)
  3 scorpions
  4 wights (D:10)
  6 killer bees (D:8)
  9 electric eels
  4 crimson imps (D:13)
  3 howler monkeys
  2 quasits
  A jelly (D:7)
  2 gnoll boudas
  14 orc priests
  5 hounds
  Ijyb (D:5)
  Jessica (D:3)
  6 iguanas
  Natasha (thrice) (D:2)
  24 orc wizards
  9 adders
  34 gnolls
  2 shadow imps
  5 white imps
  An ufetubus (D:6)
  2 worms
  2 dart slugs
  77 orcs
  6 ball pythons
  5 bats
  9 endoplasms
  2 giant cockroaches
  11 hobgoblins
  7 jackals
  28 kobolds
  5 quokkas
  4 frilled lizards
  15 goblins
  6 rats
823 creatures vanquished.

Vanquished Creatures (collateral kills)
  A merfolk impaler (Lair:2)
  A sea snake (Lair:2)
2 creatures vanquished.

Vanquished Creatures (others)
  A rakshasa (D:15)
  A two-headed ogre (Orc:2)
  A harpy (Shoals:2)
  2 ugly things (D:15)
  2 fauns (Shoals:2)
  A merfolk siren (Shoals:1)
  An elephant (Lair:2)
  A komodo dragon (Lair:2)
  A rime drake (Lair:3)
  A troll (Orc:1)
  A harpy skeleton (D:14)
  A blink frog (Lair:5)
  A slime creature (D:15)
  A dream sheep (Lair:6)
  3 yaks
  A vampire mosquito (D:13)
  A steam dragon (D:8)
  A bullfrog (Lair:2)
  A gnoll (D:1)
  2 orcs
  A kobold (D:2)
  3 demonic plants (D:9)
  45 fungi
  217 plants
291 creatures vanquished.

Grand Total: 1116 creatures vanquished

Notes
Turn   | Place    | Note
-------+----------+-------------------------------------------
     0 | D:1      | Monkooky the Gnoll Artificer began the quest for the Orb.
     0 | D:1      | Reached XP level 1. HP: 17/17 MP: 1/1
   209 | D:1      | Reached XP level 2. HP: 16/23 MP: 2/2
   417 | D:1      | Found a faded altar of an unknown god.
   439 | D:1      | Prayed at the altar of an unknown god.
   439 | D:1      | Became a worshipper of Ru the Awakened
   445 | D:1      | Gained mutation: You are missing a hand. [Ru sacrifice]
   445 | D:1      | Reached * piety under Ru
   445 | D:1      | Reached ** piety under Ru
   445 | D:1      | Reached *** piety under Ru
  1006 | D:1      | Reached XP level 3. HP: 28/28 MP: 3/3
  1191 | D:2      | Reached skill level 1 in Invocations
  1305 | D:2      | Reached skill level 1 in Short Blades
  1305 | D:2      | Reached skill level 1 in Long Blades
  1305 | D:2      | Reached skill level 1 in Axes
  1305 | D:2      | Reached skill level 1 in Maces & Flails
  1305 | D:2      | Reached skill level 1 in Polearms
  1305 | D:2      | Reached skill level 1 in Staves
  1305 | D:2      | Reached skill level 1 in Ranged Weapons
  1305 | D:2      | Reached skill level 1 in Throwing
  1305 | D:2      | Reached skill level 1 in Unarmed Combat
  1305 | D:2      | Reached skill level 1 in Spellcasting
  1472 | D:2      | Noticed Natasha
  1508 | D:2      | Killed Natasha
  1509 | D:2      | Reached XP level 4. HP: 19/34 MP: 2/5
  1663 | D:2      | Reached skill level 1 in Conjurations
  1663 | D:2      | Reached skill level 1 in Hexes
  1663 | D:2      | Reached skill level 1 in Summonings
  1663 | D:2      | Reached skill level 1 in Necromancy
  1663 | D:2      | Reached skill level 1 in Translocations
  1663 | D:2      | Reached skill level 1 in Transmutations
  1663 | D:2      | Reached skill level 1 in Fire Magic
  1663 | D:2      | Reached skill level 1 in Ice Magic
  1663 | D:2      | Reached skill level 1 in Air Magic
  1663 | D:2      | Reached skill level 1 in Earth Magic
  1663 | D:2      | Reached skill level 1 in Poison Magic
  1681 | D:2      | Reached XP level 5. HP: 15/40 MP: 4/7
  1901 | D:2      | Noticed Natasha
  1917 | D:2      | Killed Natasha
  2646 | D:2      | Noticed Natasha
  2668 | D:2      | Killed Natasha
  2879 | D:2      | Found a stormy altar of Qazlal.
  3260 | D:3      | Reached XP level 6. HP: 40/47 MP: 5/8
  3630 | D:3      | Identified a scroll of acquirement
  3631 | D:3      | Acquired the +12 crystal plate armour of Reuqounn {*Corrode
                  | rPois Stlth+}
  3639 | D:3      | Reached skill level 5 in Armour
  3848 | D:3      | Noticed Sigmund
  3872 | D:3      | Killed Sigmund
  4179 | D:3      | Noticed Jessica
  4188 | D:3      | Killed Jessica
  4189 | D:3      | Reached skill level 7 in Evocations
  4189 | D:3      | Reached XP level 7. HP: 52/52 MP: 10/10
  4347 | D:4      | Found a staircase to the Ecumenical Temple.
  4381 | Temple   | Entered the Ecumenical Temple
  4598 | D:4      | Gained mutation: You are somewhat inexperienced. (-1 XL)
                  | [Ru sacrifice]
  4598 | D:4      | Reached XP level 6. HP: 47/47 MP: 9/9
  4598 | D:4      | Reached **** piety under Ru
  5606 | D:5      | Entered Level 5 of the Dungeon
  5664 | D:5      | Found a stormy altar of Qazlal.
  5664 | D:5      | Found an ancient bone altar of Kikubaaqudgha.
  5760 | D:5      | Reached XP level 7. HP: 45/54 MP: 8/11
  5848 | D:5      | Found an iron altar of Okawaru.
  6103 | D:5      | Noticed Prince Ribbit
  6114 | D:5      | Killed Prince Ribbit
  6356 | D:5      | Noticed Ijyb
  6363 | D:5      | Killed Ijyb
  6418 | D:5      | Noticed Eustachio
  6437 | D:5      | Killed Eustachio
  6824 | D:6      | Noticed Maggie
  6827 | D:6      | Killed Maggie
  6828 | D:6      | Reached XP level 8. HP: 61/61 MP: 7/14
  7107 | D:6      | Reached skill level 5 in Fighting
  7107 | D:6      | Reached skill level 5 in Dodging
  7134 | D:6      | Gained mutation: You cannot study or cast Fire magic. [Ru
                  | sacrifice]
  7134 | D:6      | Gained mutation: You cannot study or cast Hexes magic. [Ru
                  | sacrifice]
  7134 | D:6      | Gained mutation: You cannot study or cast Summoning magic.
                  | [Ru sacrifice]
  7134 | D:6      | Reached ***** piety under Ru
  7224 | D:6      | Reached skill level 5 in Stealth
  7224 | D:6      | Reached skill level 8 in Evocations
  7249 | D:6      | Reached skill level 5 in Invocations
  7918 | D:6      | Found a hide-covered altar of Uskayaw.
  8562 | D:7      | Reached skill level 5 in Short Blades
  8562 | D:7      | Reached skill level 5 in Long Blades
  8562 | D:7      | Reached skill level 5 in Axes
  8562 | D:7      | Reached skill level 5 in Maces & Flails
  8562 | D:7      | Reached skill level 5 in Polearms
  8562 | D:7      | Reached skill level 5 in Staves
  8562 | D:7      | Reached skill level 5 in Ranged Weapons
  8562 | D:7      | Reached skill level 5 in Throwing
  8562 | D:7      | Reached skill level 5 in Unarmed Combat
  8562 | D:7      | Reached skill level 5 in Spellcasting
  8562 | D:7      | Reached XP level 9. HP: 62/69 MP: 14/16
  9344 | D:8      | Noticed a boulder beetle
  9360 | D:8      | Killed a boulder beetle
  9778 | D:8      | Found a staircase to the Lair.
  9780 | D:7      | Noticed a rust devil
  9780 | D:7      | Noticed a rust devil
  9781 | D:7      | Killed a rust devil
  9782 | D:7      | Gained mutation: You cannot be stealthy. [Ru sacrifice]
  9783 | D:7      | Killed a rust devil
 10402 | D:8      | Acquired a +0 helmet of see invisible
 10668 | D:9      | Noticed a soul eater
 10765 | D:9      | Killed a soul eater
 10766 | D:9      | Reached skill level 5 in Conjurations
 10766 | D:9      | Reached skill level 5 in Necromancy
 10766 | D:9      | Reached skill level 5 in Translocations
 10766 | D:9      | Reached skill level 5 in Transmutations
 10766 | D:9      | Reached skill level 5 in Ice Magic
 10766 | D:9      | Reached skill level 5 in Air Magic
 10766 | D:9      | Reached skill level 5 in Earth Magic
 10766 | D:9      | Reached skill level 5 in Poison Magic
 10766 | D:9      | Reached skill level 9 in Evocations
 10766 | D:9      | Reached XP level 10. HP: 66/77 MP: 9/19
 11641 | D:9      | Found Ceapte Ifam's General Store.
 12027 | D:10     | Entered Level 10 of the Dungeon
 13030 | D:11     | Noticed a four-headed hydra
 13041 | D:11     | Killed a four-headed hydra
 13093 | D:11     | Noticed a two-headed ogre
 13207 | D:11     | Killed a two-headed ogre
 13243 | D:11     | Found a staircase to the Orcish Mines.
 13262 | Orc:1    | Entered Level 1 of the Orcish Mines
 13745 | Orc:2    | Entered Level 2 of the Orcish Mines
 13745 | Orc:2    | Found a transporter.
 13799 | Orc:2    | Found a bloodstained altar of Trog.
 13799 | Orc:2    | Noticed scionoferis's ghost (journeyman NaIE)
 13800 | Orc:2    | Noticed a moth of wrath
 13801 | Orc:2    | Noticed an orc knight
 13803 | Orc:2    | Noticed a two-headed ogre
 13967 | Orc:2    | Found a transporter.
 14023 | Orc:2    | Found Qinecyc's Assorted Antiques.
 14094 | Orc:2    | Noticed an ettin
 14107 | Orc:2    | Found a staircase to the Elven Halls.
 14136 | Orc:2    | Noticed a two-headed ogre
 14137 | Orc:2    | Noticed a cyclops
 14145 | Orc:2    | Noticed a two-headed ogre
 14251 | Orc:1    | Reached XP level 11. HP: 45/79 MP: 15/21
 15312 | Orc:2    | Killed a two-headed ogre
 15312 | Orc:2    | Killed a two-headed ogre
 15313 | Orc:2    | Reached skill level 10 in Evocations
 15573 | Orc:2    | Noticed a two-headed ogre
 15576 | Orc:2    | Killed a two-headed ogre
 15595 | Orc:2    | Noticed an ogre mage
 15598 | Orc:2    | Paralysed by an ogre mage for 4 turns
 15715 | Orc:2    | Killed an ogre mage
 15761 | Orc:2    | Noticed a two-headed ogre
 15769 | Orc:2    | Killed a two-headed ogre
 15775 | Orc:2    | Noticed a two-headed ogre
 15784 | Orc:2    | Killed a two-headed ogre
 15930 | Orc:2    | Noticed Erolcha
 15932 | Orc:2    | Killed Erolcha
 15990 | Orc:2    | Noticed a two-headed ogre
 15998 | Orc:2    | Killed a two-headed ogre
 15999 | Orc:2    | Reached XP level 12. HP: 67/93 MP: 18/24
 16375 | Orc:2    | Found Zezis's Distillery.
 16377 | Orc:2    | Found Felil's Weapon Shop.
 16477 | Orc:2    | Found Waco's General Store.
 16479 | Orc:2    | Bought a potion of haste for 140 gold pieces
 16486 | Orc:2    | Found Enosch's Magic Scroll Boutique.
 16490 | Orc:2    | Bought a scroll of poison for 64 gold pieces
 16495 | Orc:2    | Bought a scroll of blinking for 127 gold pieces
 16495 | Orc:2    | Bought a scroll of blinking for 127 gold pieces
 16753 | Lair:1   | Entered Level 1 of the Lair of Beasts
 18582 | Lair:2   | Reached skill level 10 in Armour
 18582 | Lair:2   | Reached skill level 11 in Evocations
 18726 | Lair:2   | Found a staircase to the Shoals.
 19559 | Lair:2   | Found a staircase to the Snake Pit.
 20840 | Lair:3   | Reached XP level 13. HP: 98/99 MP: 26/26
 20851 | Lair:3   | Reached skill level 10 in Invocations
 21582 | Lair:3   | Gained mutation: You are dopey. (Int -2) [Ru sacrifice]
 23317 | Lair:5   | Found a bloodstained altar of Trog.
 23688 | Lair:5   | Found a staircase to the Slime Pits.
 23866 | Lair:6   | Entered Level 6 of the Lair of Beasts
 24818 | Lair:6   | Reached skill level 10 in Fighting
 24818 | Lair:6   | Reached skill level 10 in Dodging
 25240 | Lair:6   | Identified the +10 rapier of the Equinox {venom, rC+ MP+9
                  | Stlth+}
 26087 | Lair:6   | Reached skill level 10 in Short Blades
 26087 | Lair:6   | Reached skill level 10 in Long Blades
 26087 | Lair:6   | Reached skill level 10 in Axes
 26087 | Lair:6   | Reached skill level 10 in Maces & Flails
 26087 | Lair:6   | Reached skill level 10 in Polearms
 26087 | Lair:6   | Reached skill level 10 in Staves
 26087 | Lair:6   | Reached skill level 10 in Ranged Weapons
 26087 | Lair:6   | Reached skill level 10 in Throwing
 26087 | Lair:6   | Reached skill level 10 in Unarmed Combat
 26087 | Lair:6   | Reached skill level 10 in Spellcasting
 26365 | Lair:6   | Reached XP level 14. HP: 98/103 MP: 28/28
 26895 | D:11     | Found a shadowy altar of Dithmenos.
 27016 | D:11     | Reached skill level 12 in Evocations
 28190 | D:12     | Found Xaunkyn's Jewellery Shoppe.
 28251 | D:12     | Bought a ring of resist corrosion for 320 gold pieces
 29231 | Orc:2    | Bought a scroll of brand weapon for 152 gold pieces
 29751 | Shoals:1 | Entered Level 1 of the Shoals
 31796 | D:13     | Identified the +0 buckler of the Last Priests {Rampage
                  | Str+3 Int-4}
 33322 | Abyss:3  | Cast into level 3 of the Abyss (a wizard)
 33327 | D:14     | Escaped the Abyss
 33590 | D:14     | Found a portal to a secret trove of treasure.
 33688 | D:14     | Found a gate to the Vaults.
 33754 | D:14     | Found a glowing golden altar of the Shining One.
 33866 | D:14     | Reached XP level 15. HP: 112/119 MP: 26/29
 34070 | D:15     | Entered Level 15 of the Dungeon
 34480 | D:15     | Noticed Azrael
 34489 | D:15     | Killed Azrael
 35794 | D:15     | Found a staircase to the Depths.
 37633 | Shoals:1 | Found Ziawnudd's Magic Scroll Shop.
 37641 | Shoals:1 | Bought a scroll of enchant armour for 97 gold pieces
 37641 | Shoals:1 | Bought a scroll of brand weapon for 123 gold pieces
 37641 | Shoals:1 | Bought a scroll of enchant armour for 97 gold pieces
 37694 | Shoals:1 | Reached skill level 13 in Evocations
 38258 | Shoals:2 | Noticed Nikola
 38642 | Shoals:2 | Killed Nikola
 38712 | Shoals:2 | Slain by an alligator snapping turtle

Illustrated notes

Levels and vault maps discovered:
D:1:      heliophobic_arrival_henge, layout_loops_ring,
          ebering_ecumenical_altar_petrified, minmay_misc_feat_x,
          serial_park_tiny_pond
D:2:      layout_basic, basic_altar, kennysheep_decorative_pillar, uniq_natasha
D:3:      layout_rooms, serial_bayou, serial_bayou_pond_c, serial_bayou_lake_a,
          serial_bayou_lagoon_b, serial_bayou_pond_e,
          chequers_serial_rivers_micro_a, uniq_sigmund, uniq_jessica
D:4:      layout_gridville, minmay_temple_entry_wispy,
          chequers_serial_rivers_large_a, serial_bayou_pond_c
D:5:      layout_cave_pods, mainiacjoe_overflow_large_starburst,
          amcnicky_altar_gilded, uniq_eustachio, uniq_ijyb, uniq_prince_ribbit1
D:6:      corexii_shantytown, layout_loops_ring, nicolae_uskayaw_suspiria,
          dk_noncrumbling_4, uniq_maggie
D:7:      cheibrodos_iron_armory, layout_loops_ring, chequers_big_river,
          grunt_ministairs_10
D:8:      layout_gridville, erik_lair_orcish_takeover
D:9:      layout_cave_pools, serial_demonic, serial_demonic_c, serial_demonic_b,
          serial_demonic_b, serial_demonic_e, serial_demonic_b, serial_shops,
          shop, nicolae_figureground_sparkle
D:10:     layout_cave_pools
D:11:     layout_loops_corners, erik_orc_2, grunt_dithmenos_smoke
D:12:     layout_long_grid, serial_shops, kennysheep_little_box
D:13:     layout_grid_maze, minmay_fire_ice_demons
D:14:     layout_big_octagon, hangedman_vaults_entry_quadrant_bands,
          nicolae_trove_entry_diagonal, tso_metal_star,
          kennysheep_pointless_box, minmay_protected_statue
D:15:     gammafunk_enter_depths_forms, layout_loops_ring,
          wad_floor_pattern_untrapped, uniq_azrael
Temple:   nicolae_temple_two_arcs
Lair:1:   layout_regular_city, infiniplex_staircase_pool_2
Lair:2:   layout_cave_pods, minmay_shoals_entry_lonely_mermaid,
          minmay_snake_entry_guardpost_medium, infiniplex_staircase_pool,
          grunt_megastairs_3
Lair:3:   layout_cave_pods, grunt_megastairs_4, wad_woods_river_01
Lair:4:   layout_gridlike, serial_bayou_shore_b
Lair:5:   layout_misc_corridors, dpeg_slime_entry_enclosed, basic_altar,
          lemuel_fruit_tree
Lair:6:   minmay_lair_end_enchanted_forest, layout_cave_pods,
          serial_bayou_shore_b
Shoals:1: cheibrodos_shoals_baths, layout_shoals, serial_shops, shop,
          nicolae_shoals_drake_roost
Shoals:2: cheibrodos_shoals_oceanic_diplomacy, layout_shoals,
          nicolae_shoals_hunting_party, uniq_nikola, uniq_polyphemus
Orc:1:    nicolae_orc_accident_3, layout_caves, nicolae_orc_rich_vein
Orc:2:    st_orc_open, layout_diamond_mine, serial_shops, shop,
          gammafunk_ghost_wrathful_warriors, uniq_erolcha

Skill      XL: |  1  2  3  4  5  6  7  8  9 10 11 12 13 14 15 |
---------------+----------------------------------------------+-----
Invocations    | 1 2 3 4 5 6 7 8 9 10 11 12 | 12.6
Short Blades   | 1 3 4 5 6 7 8 9 10 11 | 11.6
Long Blades    | 1 3 4 5 6 7 8 9 10 11 | 11.6
Axes           | 1 3 4 5 6 7 8 9 10 11 | 11.6
Maces & Flails | 1 3 4 5 6 7 8 9 10 11 | 11.6
Polearms       | 1 3 4 5 6 7 8 9 10 11 | 11.6
Staves         | 1 3 4 5 6 7 8 9 10 11 | 11.6
Ranged Weapons | 1 3 4 5 6 7 8 9 10 11 | 11.6
Throwing       | 1 3 4 5 6 7 8 9 10 11 | 11.6
Unarmed Combat | 1 3 4 5 6 7 8 9 10 11 | 11.6
Spellcasting   | 1 3 4 5 6 7 8 9 10 11 | 11.6
Conjurations   | 1 2 3 4 5 6 7 8 9 |  9.8
Hexes          | 1 2 3 0 |  0.0
Summonings     | 1 2 3 0 |  0.0
Necromancy     | 1 2 3 4 5 6 7 8 9 |  9.8
Translocations | 1 2 3 4 5 6 7 8 9 |  9.8
Transmutations | 1 2 3 4 5 6 7 8 9 |  9.8
Fire Magic     | 1 2 3 0 |  0.0
Ice Magic      | 1 2 3 4 5 6 7 8 9 |  9.8
Air Magic      | 1 2 3 4 5 6 7 8 9 |  9.8
Earth Magic    | 1 2 3 4 5 6 7 8 9 |  9.8
Poison Magic   | 1 2 3 4 5 6 7 8 9 |  9.8
Fighting       | 3 4 5 6 7 8 9 10 11 | 11.9
Dodging        | 3 4 5 6 7 8 9 10 11 | 11.9
Stealth        | 3 4 5 0 |  0.0
Armour         | 5 6 7 8 9 10 11 12 | 12.4
Evocations     | 7 8 9 10 11 12 13 | 13.2

Action                   |  1- 3 |  4- 6 |  7- 9 | 10-12 | 13-15 || total
-------------------------+-------+-------+-------+-------+-------++-------
Melee: Hand axe          |    39 |       |       |       |       ||    39
       Bite              |     7 |    39 |    66 |   101 |   161 ||   374
       Dagger            |    55 |   177 |   402 |    91 |       ||   725
       Staff             |    41 |   127 |    89 |       |     9 ||   266
       Morningstar       |       |       |       |   565 |   288 ||   853
       Rapier            |       |       |       |       |   263 ||   263
       Broad axe         |       |       |       |       |   517 ||   517
Throw: Boomerang         |       |    19 |     6 |    45 |    49 ||   119
       Dart              |       |       |     4 |    44 |     1 ||    49
Invok: Sacrifice a Hand  |     1 |       |       |       |       ||     1
       Draw Out Power    |     1 |     2 |     1 |       |       ||     4
       Power Leap        |       |     1 |     9 |    16 |    24 ||    50
       Sacrifice Experie |       |     1 |       |       |       ||     1
       Sacrifice Arcana  |       |       |     1 |       |       ||     1
       Apocalypse        |       |       |     2 |    13 |    13 ||    28
       Sacrifice Stealth |       |       |     1 |       |       ||     1
       Reject Sacrifices |       |       |       |     1 |     2 ||     3
       Sacrifice Purity  |       |       |       |       |     1 ||     1
Evoke: Wand              |     4 |     9 |    11 |    23 |    35 ||    82
       Tin of tremorston |       |       |       |       |     1 ||     1
  Use: Scroll            |       |     8 |     4 |     5 |    32 ||    49
       Potion            |       |       |       |       |     2 ||     2
 Stab: Sleeping          |     4 |     6 |       |       |       ||    10
       Distracted        |     1 |     1 |     3 |     4 |    10 ||    19
       Invisible         |       |     1 |     1 |     6 |     7 ||    15
       Paralysed         |       |       |       |    21 |    23 ||    44
       Confused          |       |       |       |       |     1 ||     1
Armor: Leather armour    |    47 |    36 |       |       |       ||    83
       Crystal plate arm |       |   125 |   438 |   662 |  1263 ||  2488
Dodge: Dodged            |   106 |    93 |    27 |   158 |   278 ||   662

Table legend: (Time is in decaauts)
 A = Elapsed time spent in this place.
 B = Non-inter-level travel time spent in this place.
 C = Inter-level travel time spent in this place.
 D = Time resting spent in this place.
 E = Time spent auto-exploring this place.
 F = Levels seen in this place.
 G = Mean time per level.
                   A        B        C        D        E       F      G
               +--------+--------+--------+--------+--------+-----+--------+
         Total |  38851 |  36929 |   1922 |   7956 |  22553 |  27 | 1438.9 |
       Dungeon |  21677 |  20593 |   1084 |   3899 |  13034 |  15 | 1445.1 |
        Temple |    127 |    120 |      7 |      0 |    114 |   1 |  127.0 |
          Lair |  11712 |  11090 |    622 |   2751 |   6775 |   6 | 1952.0 |
        Shoals |   1928 |   1901 |     27 |    362 |   1055 |   2 |  964.0 |
  Orcish Mines |   3401 |   3221 |    180 |    944 |   1574 |   2 | 1700.5 |
         Abyss |      4 |      4 |      0 |      0 |      0 |   1 |    4.0 |
               +--------+--------+--------+--------+--------+-----+--------+

Top non-repeatable levels by time:
  Lair:2: 3494 daAuts
    D:13: 2518 daAuts
     D:8: 2177 daAuts
   Orc:1: 2110 daAuts
  Lair:5: 2069 daAuts
  Lair:3: 1947 daAuts
    D:11: 1929 daAuts
  Lair:6: 1875 daAuts
     D:1: 1816 daAuts
    D:15: 1765 daAuts
     D:2: 1443 daAuts
Shoals:1: 1401 daAuts
  Lair:1: 1375 daAuts
   Orc:2: 1291 daAuts
     D:7: 1282 daAuts
